 Dungeon Crawl Stone Soup version 0.29.1-15-g9cfb28693d (webtiles) character file.

Game seed: 14066676554016853649

331 Gabide the Trooper (level 6, 0/48 HPs)
             Began as a Djinni Conjurer on May 1, 2023.
             Slain by a black bear (3 damage)
             ... on level 4 of the Dungeon.
             The game lasted 00:06:57 (4826 turns).

Gabide the Trooper (Djinni Conjurer)                Turns: 4826, Time: 00:06:58

Health: 0/48       AC:  4    Str:  6    XL:     6   Next: 82%
Gold:   100        EV: 12    Int: 21    God:
                   SH:  0    Dex: 12

rFire   + + .      SeeInvis +   b - staff of conjuration
rCold   x . .      Faith    .   (no shield)
rNeg    . . .      Spirit   .   l - +2 robe
rPois   ∞          Reflect  .   (no helmet)
rElec   .          Harm     .   (no cloak)
rCorr   .          Rampage  .   (no gloves)
Will    .....                   (boots unavailable)
Stlth   ++........              h - amulet of the acrobat
HPRegen 0.16/turn               d - ring of see invisible
MPRegen 0.00/turn               (no ring)

@: flying
A: sickness immunity, fire resistance 2, cold vulnerability 1, float, innate
caster, HP casting, extra vitality 1
a: no special abilities


You were on level 4 of the Dungeon.
You visited 1 branch of the dungeon, and saw 4 of its levels.

You collected 100 gold pieces.

Inventory:

Armour
 l - a +2 robe (worn)
Magical Staves
 b - a staff of conjuration (weapon)
Jewellery
 d - a ring of see invisible (left hand)
 h - an amulet of the acrobat (around neck)
 m - a ring of fire
Scrolls
 f - a scroll of fear {unknown}
 g - 3 scrolls of teleportation
 i - a scroll of blinking
Potions
 a - a potion of haste {unknown}
 c - 3 potions of might
 e - a potion of flight
 j - a potion of invisibility {unknown}
 k - 3 potions of curing {unknown}
 n - a potion of ambrosia


   Skills:
 * Level 4.5 Fighting
 + Level 3.3 Dodging
 - Level 1.5 Stealth
 * Level 4.3 Spellcasting


You couldn't memorise any spells.
You knew the following spells:

 Your Spells              Type           Power      Damage    Failure   Level
a - Magic Dart            Conj           100%       1d8       1%          1
b - Searing Ray           Conj           66%        2d6       3%          2
c - Dazzling Flash        Conj/Hex       66%        N/A       6%          3
d - Fulminant Prism       Conj/Hex       16%        3d11      21%         4
e - Iskenderun's Mystic   Conj/Tloc      33%        2d8       21%         4
f - Beastly Appendage     Tmut           44%        N/A       1%          1
g - Static Discharge      Conj/Air       33%        3-8/arc   3%          2
Your spell library was empty.

Dungeon Overview and Level Annotations

Branches:
Dungeon (4/15)
 Temple: D:4-7

Altars:


Innate Abilities, Weirdness & Mutations

You are immune to sickness and miasma.
You are immune to poison.
Your flesh is very heat resistant. (rF++)
You are vulnerable to cold. (rC-)
You float through the air rather than walking.
You learn spells naturally, not from books.
Your magical power is your life essence.
You have superior vitality. (+4 MHP)


Message History

Unknown command.
The searing ray misses the black bear.
The searing ray hits the black bear.
The black bear is moderately wounded.
Casting: Searing Ray (safe; 3% risk of failure)
Confirm with . or Enter, or press ? or * to list all spells.
Casting: Dazzling Flash (dangerous; 6% risk of failure)
Press: ? - help, Dir - look around, f - activate You feel a surge of power!
The black bear bites you! The black bear claws you. x2
Unknown command.
Unknown command.
Casting: Dazzling Flash (dangerous; 6% risk of failure)
Confirm with . or Enter, or press ? or * to list all spells.
Casting: Dazzling Flash (dangerous; 6% risk of failure)
Press: ? - help, Dir - look around, f - activate You feel a surge of power!
The black bear bites you.
* * * LOW HITPOINT WARNING * * *
The black bear claws you but does no damage.
The black bear barely misses you.
Unknown command.
Casting: Dazzling Flash (dangerous; 6% risk of failure)
Confirm with . or Enter, or press ? or * to list all spells.
Casting: Dazzling Flash (dangerous; 6% risk of failure)
Press: ? - help, Dir - look around, f - activate You feel a surge of power!
* * * LOW HITPOINT WARNING * * *
The black bear bites you.
* * * LOW HITPOINT WARNING * * *
The black bear claws you.
* * * LOW HITPOINT WARNING * * *
The black bear claws you but does no damage.
Casting: Dazzling Flash (dangerous; 6% risk of failure)
Confirm with . or Enter, or press ? or * to list all spells.
Casting: Dazzling Flash (dangerous; 6% risk of failure)
Press: ? - help, Dir - look around, f - activate Look: a black bear (moderately wounded, chance to dazzle: 60%)
You feel a surge of power!
The black bear is dazzled.
* * * LOW HITPOINT WARNING * * *
The black bear bites you.
You die...

###.#
#...#
#.### #.#
#.# #.#
#.# #.#
#@# #...h#
#.>....
#.......
#........
##........
########..
#..


You could see a black bear (blind).

Vanquished Creatures
  A black bear (D:4)
  A scorpion (D:4)
  An orc priest (D:2)
  An iguana (D:3)
  3 adders
  A worm (D:2)
  5 dart slugs
  3 orcs (D:2)
  6 ball pythons
  11 endoplasms
  A giant cockroach (D:2)
  10 hobgoblins
  4 quokkas
  10 bats
  6 frilled lizards
  8 goblins
  7 kobolds
  3 rats
82 creatures vanquished.

Notes
Turn   | Place    | Note
-------+----------+-------------------------------------------
     0 | D:1      | Gabide the Djinni Conjurer began the quest for the Orb.
     0 | D:1      | Gabide set off with the following spells memorised: Magic
                  | Dart, Searing Ray, Dazzling Flash, Fulminant Prism,
                  | Iskenderun's Mystic Blast.
     0 | D:1      | Reached XP level 1. HP: 15/15 MP: 0/0
   190 | D:1      | Reached XP level 2. HP: 20/21 MP: 0/0
   536 | D:1      | Reached XP level 3. HP: 19/25 MP: 0/0
   536 | D:1      | Learned a level 1 spell: Beastly Appendage
  1701 | D:2      | Reached XP level 4. HP: 28/31 MP: 0/0
  2053 | D:2      | Reached skill level 1 in Fighting
  2890 | D:2      | Found a faded altar of an unknown god.
  2905 | D:2      | Reached XP level 5. HP: 4/39 MP: 0/0
  2905 | D:2      | Learned a level 2 spell: Static Discharge
  3509 | D:2      | Identified a scroll of acquirement
  3509 | D:2      | Acquired a staff of conjuration
  4566 | D:4      | Reached XP level 6. HP: 35/47 MP: 0/0
  4688 | D:4      | Noticed a black bear
  4695 | D:4      | Killed a black bear
  4816 | D:4      | Noticed a black bear
  4826 | D:4      | Slain by a black bear

Illustrated notes

Levels and vault maps discovered:
D:1:      minmay_arrival_three_doors, layout_loops_cross, serial_bayou_pond_e,
          minmay_pentomino_w2
D:2:      layout_basic, hellmonk_ecumenical_altar_run_dry
D:3:      layout_basic
D:4:      layout_loops_ring, nicolae_overflow_hidden_temple

Skill      XL: |  1  2  3  4  5 |
---------------+----------------+-----
Spellcasting   | 4 |  4.3
Dodging        | 3 |  3.3
Fighting       | 2 4 |  4.5
Stealth        | |  1.5

Action                   |  1- 3 |  4- 6 || total
-------------------------+-------+-------++-------
Melee: Whip              |       |     1 ||     1
 Cast: Magic Dart        |    70 |    81 ||   151
       Searing Ray       |     1 |     8 ||     9
       Static Discharge  |       |     2 ||     2
       Dazzling Flash    |       |     6 ||     6
  Use: Potion            |       |     2 ||     2
       Scroll            |       |    11 ||    11
Armor: Robe              |     1 |     5 ||     6
Dodge: Dodged            |     2 |    27 ||    29
